cohdb
Replays
Latest Replays
All Replays
Popular Replays
Top Player Replays
Match Explorer
How It Works
Community
CoH3 Stats
Reddit
Sign in to upload your games and track your stats! →
Sign in with Steam
Match 42178653
Unlisted
Match 42178653
Overview
Messages
Build Orders
End
Royal Engineer Section
Royal Engineer Section
Selects Canadian Shock Battlegroup
Vickers Machine Gun Team
Construct Section Command Post
Vickers Machine Gun Team
Selects Attacking Spirit
Selects Canadian Shock Section
ML 3-inch Mortar Team
Construct Field Infirmary
سَۨفُـيٰانۨوٰس
AHL
0
0
Comments
sign in to comment!
No comments posted yet!